 Dungeon Crawl Stone Soup version 0.28-a0-297-g99b01970c5 (webtiles) character file.

Game seed: 8346398570197257017

40 Hastur the Sneak (level 3, -1/29 HPs)
             Began as a Demonspawn Wanderer on Aug 29, 2021.
             Slain by a scorpion (4 damage)
             ... on level 2 of the Dungeon.
             The game lasted 00:08:26 (3031 turns).

Hastur the Sneak (Demonspawn Wanderer)              Turns: 3031, Time: 00:08:26

Health: -1/29      AC:  7    Str: 14    XL:     3   Next: 30%
Magic:  6/6        EV: 11    Int: 13    God:
Gold:   56         SH:  0    Dex: 11    Spells: 5/6 levels left

rFire   . . .      SeeInvis .   n - +1 dagger (venom)
rCold   . . .      Faith    .   (no shield)
rNeg    . . .      Spirit   .   m - +0 leather armour
rPois   .          Reflect  .   (no helmet)
rElec   .          Harm     .   k - +1 cloak
rCorr   .          Rampage  .   (no gloves)
Will    .....                   (no boots)
Stlth   ++........              (no amulet)
HPRegen 0.09/turn               (no ring)
MPRegen 0.10/turn               (no ring)

@: no status effects
A: thin metallic scales 1, spiny 1
a: no special abilities


You were on level 2 of the Dungeon.
You visited 1 branch of the dungeon, and saw 3 of its levels.

You collected 56 gold pieces.

Inventory:

Hand Weapons
 a - a +0 club
 c - a +2 whip of distortion {!w}
   (You took it off a kobold on level 1 of the Dungeon)
 d - a +0 dagger
 i - a +0 dagger of speed
   (You took it off a kobold on level 2 of the Dungeon)
 n - a +1 dagger of venom (weapon)
   (You found it on level 3 of the Dungeon)
Missiles
 g - 100 stones
 j - 41 sling bullets
Armour
 b - a +0 robe
 k - a +1 cloak (worn)
   (You found it on level 2 of the Dungeon)
 m - a +0 leather armour (worn)
   (You found it on level 3 of the Dungeon)
Scrolls
 e - a scroll of amnesia {unknown}
 f - a scroll of teleportation {unknown}
 h - a scroll of noise {unknown}
 l - a scroll of fear {unknown}


   Skills:
 + Level 3.3 Fighting
 - Level 1.0 Polearms
 - Level 1.0 Dodging
 - Level 3.6 Stealth
 - Level 2.0 Spellcasting
 - Level 1.1 Necromancy


You had 5 spell levels left.
You knew the following spells:

 Your Spells              Type           Power      Damage    Failure   Level
x - Magic Dart            Conj           4%         1d3       32%         1

Your spell library contained the following spells:

 Spells                   Type           Power      Damage    Failure   Level
 Foxfire                  Conj/Fire      4%         2x1d4     32%         1
 Blink                    Tloc           N/A        N/A       43%         2
 Call Imp                 Summ           1%         N/A       43%         2
 Searing Ray              Conj           2%         3d3       43%         2
 Slow                     Hex            1%         N/A       43%         2
 Static Discharge         Conj/Air       1%         N/A       43%         2
 Conjure Flame            Conj/Fire      1%         6-21      67%         3
 Inner Flame              Hex/Fire       1%         N/A       67%         3
 Mephitic Cloud           Conj/Pois/Air  1%         N/A       67%         3


Dungeon Overview and Level Annotations

Branches:
Dungeon (3/15)

Altars:

Shops:
D:1 *

Annotations:
D:2 exclusion: scorpion


Innate Abilities, Weirdness & Mutations

You are partially covered in thin metallic scales. (AC +2)
You are partially covered in sharp spines.


Message History

There is a stone staircase leading up here.
Aim: a goblin, wielding a +0 dagger (asleep, 100% to hit)
The magic dart hits the goblin.
The goblin shouts!
Aim: a goblin, wielding a +0 dagger (heavily wounded, 100% to hit)
The magic dart hits the goblin.
You kill the goblin!
Found a glowing dagger.
You see here a +0 leather armour.
m - a +0 leather armour You see here a +0 chain mail.
You start removing your armour.
You continue taking off your +0 robe. x4
You finish taking off your +0 robe.
You start putting on your armour.
You continue putting on your +0 leather armour. x5
You finish putting on your +0 leather armour.
You see here a +0 dagger.
There is an escape hatch in the ceiling here.
Found a stone staircase leading down.
You see here a +1 dagger of venom.
n - a +1 dagger of venom Your +1 dagger of venom begins to drip with poison!
n - a +1 dagger of venom (weapon)
There is a stone staircase leading up here.
You climb upwards.
Level annotation: exclusion: scorpion
There is a stone staircase leading down here.
You aren't carrying any potions.
Really walk into a travel-excluded area?
A scorpion is nearby!
You completely miss the scorpion. The scorpion stings you.
You hit the scorpion. The scorpion is struck by your spines.
The scorpion barely misses you.
You closely miss the scorpion. The scorpion barely misses you. x2
You completely miss the scorpion. The scorpion barely misses you.
You hit the scorpion but do no damage. The scorpion is struck by your spines.
The scorpion stings you!
You closely miss the scorpion. The scorpion barely misses you.
You completely miss the scorpion. The scorpion barely misses you.
You hit the scorpion but do no damage.
The scorpion stings you but does no damage.
The scorpion is struck by your spines. The scorpion stings you!
* * * LOW HITPOINT WARNING * * *
The scorpion stings you!
* * * LOW HITPOINT WARNING * * *
You aren't carrying any potions.
Unknown command.
The scorpion misses you. The scorpion is struck by your spines.
The scorpion stings you.
You die...

### #.# ##########.#
...........#
##########.#########
#[.....@s.#
##################.####
......................#
##################.##.#
#....# #.##.#
#....#######.##.#
#<...........##.#
#######....##########.#
.............>........####


You could see a scorpion.

Vanquished Creatures
  A worm (D:2)
  A dart slug (D:2)
  3 ball pythons (D:2)
  3 bats (D:1)
  7 endoplasms
  A giant cockroach (D:2)
  2 goblins
  2 hobgoblins (D:2)
  2 jackals (D:1)
  A quokka (D:2)
  3 frilled lizards
  4 kobolds
  A rat (D:1)
31 creatures vanquished.

Notes
Turn   | Place    | Note
-------+----------+-------------------------------------------
     0 | D:1      | Hastur the Demonspawn Wanderer began the quest for the Orb.
     0 | D:1      | Hastur set off with the following items: a +0 club, a +0
                  | robe, a potion of lignification {!q}, a +0 dagger; and the
                  | following spell memorised: Magic Dart; and the following
                  | spells available to memorise: Blink, Call Imp, Searing Ray,
                  | Slow, Static Discharge, Conjure Flame, Mephitic Cloud
     0 | D:1      | Reached XP level 1. HP: 15/15 MP: 3/3
    26 | D:1      | Found Mosim's Assorted Antiques.
   722 | D:1      | Gained mutation: You are partially covered in thin metallic
                  | scales. (AC +2) [demonic ancestry]
   722 | D:1      | Reached XP level 2. HP: 15/22 MP: 5/5
  2284 | D:2      | Gained mutation: You are partially covered in sharp spines.
                  | [demonic ancestry]
  2284 | D:2      | Reached XP level 3. HP: 26/29 MP: 6/6
  2554 | D:2      | Noticed a scorpion
  3031 | D:2      | Slain by a scorpion

Illustrated notes

Levels and vault maps discovered:
D:1:      minmay_arrival_five_plusses, layout_loops_ring, serial_shops,
          nicolae_shop_competitors_out_of_business, patterned_corridor
D:2:      layout_basic
D:3:      layout_basic, minitemple

Skill      XL: |  1  2 |
---------------+-------+-----
Fighting       | 2 3 |  3.3
Polearms       | |  1.0
Dodging        | |  1.0
Stealth        | |  3.6
Spellcasting   | |  2.0
Necromancy     | |  1.1

Action                   || total
-------------------------++-------
Melee: Dagger            ||   140
       Unarmed           ||     1
 Cast: Magic Dart        ||     7
  Use: Potion            ||     1
 Stab: Sleeping          ||     6
Armor: Robe              ||    37
       Skin              ||     8
       Leather armour    ||     1
Dodge: Dodged            ||    78

Table legend: (Time is in decaauts)
 A = Elapsed time spent in this place.
 B = Non-inter-level travel time spent in this place.
 C = Inter-level travel time spent in this place.
 D = Time resting spent in this place.
 E = Time spent auto-exploring this place.
 F = Levels seen in this place.
 G = Mean time per level.
                   A        B        C        D        E       F      G
               +--------+--------+--------+--------+--------+-----+--------+
         Total |   3018 |   2948 |     70 |    990 |   1280 |   3 | 1006.0 |
       Dungeon |   3018 |   2948 |     70 |    990 |   1280 |   3 | 1006.0 |
               +--------+--------+--------+--------+--------+-----+--------+

Top non-repeatable levels by time:
     D:1: 1813 daAuts
     D:2: 1161 daAuts
     D:3: 43 daAuts
